 Dungeon Crawl Stone Soup version 0.30-a0-1066-g63dfefce0d (webtiles) character file.

Game seed: 5060371325760509081

60 zenocrate the Grave Robber (level 3, -2/24 HPs)
             Began as a Vampire Necromancer on Mar 10, 2023.
             Slain by a goblin
             ... wielding a +0 dagger
             ... led by Robin
              (5 damage)
             ... on level 2 of the Dungeon on Apr 12, 2023.
             The game lasted 00:05:01 (1738 turns).

zenocrate the Grave Robber (Vampire Necromancer)    Turns: 1738, Time: 00:05:01

Health: -2/24      AC:  4    Str:  7    XL:     3   Next: 80%
Magic:  6/6        EV: 12    Int: 17    God:
Gold:   88         SH:  0    Dex: 16    Spells: 3/7 levels left

rFire   . . .      SeeInvis +    b - +4 hand axe "Huqix" {distort, Fly rC- SInv Stlth+}
rCold   x . .      Faith    .    (no shield)
rNeg    . . .      Spirit   .    l - +0 robe
rPois   .          Reflect  .    (no helmet)
rElec   .          Rampage  .    f - +1 cloak
rCorr   .                        (no gloves)
Will    .....                    (no boots)
Stlth   ++++                     (no amulet)
HPRegen 0.44/turn                (no ring)
MPRegen 0.10/turn                (no ring)

@: flying, healing quickly
A: alive, fangs 3, see invisible, vampiric 2
a: Exsanguinate


You were on level 2 of the Dungeon.
You visited 1 branch of the dungeon, and saw 2 of its levels.

You collected 88 gold pieces.

Inventory:

Hand Weapons
 a - a +0 short sword
 b - the +4 hand axe "Huqix" (weapon) {distort, Fly rC- SInv Stlth+}
   (You found it on level 2 of the Dungeon)

   rC:        It makes you vulnerable to cold.
   SInv:      It lets you see invisible.
   Fly:       It grants you flight.
   Stlth:     It makes you more stealthy.
Armour
 f - a +1 cloak (worn)
 l - a +0 robe (worn)
Scrolls
 c - a scroll of fog {unknown}
 e - a scroll of blinking {unknown}
 g - a scroll of amnesia {unknown}
 h - 2 scrolls of identify {unknown}
 j - a scroll of noise {unknown}
Potions
 d - a potion of attraction {unknown}
 i - 2 potions of heal wounds {unknown}
 k - a potion of flight {unknown}
 w - a potion of magic


   Skills:
 + Level 1.0 Axes
 - Level 2.1 Dodging
 - Level 4.2 Stealth
 - Level 2.6 Spellcasting
 - Level 4.9 Necromancy


You had 3 spell levels left.
You knew the following spells:

 Your Spells              Type           Power      Damage    Failure   Level
a - Necrotise             Necr           72%        1d7       2%          1
b - Vampiric Draining     Necr           18%        2d7       7%          3

Your spell library contained the following spells:

 Spells                   Type           Power      Damage    Failure   Level
 Stone Arrow              Conj/Erth      4%         3d7       50%         3
 Animate Dead             Necr           18%        N/A       24%         4
 Agony                    Necr           18%        N/A       54%         5
 Animate Armour           Summ/Erth      4%         N/A       88%         4
 Lehudib's Crystal Spear  Conj/Erth      1%         10d2      100%        8


Dungeon Overview and Level Annotations

Branches:
Dungeon (2/15)

Altars:

Shops:
D:2 (

Annotations:
D:2 Robin


Innate Abilities, Weirdness & Mutations

Your natural rate of healing is accelerated.
You have razor-sharp teeth.
You have supernaturally acute eyesight. (SInv)
You are afflicted with vampirism and can become a bat while bloodless.


Message History

You miss the goblin. You hit the goblin.
Space warps around the goblin.
You kill the goblin!
You hit the goblin.
Space warps horribly around the goblin!
You kill the goblin!
Robin hits you from afar with a +0 trident.
The goblin misses you.
You closely miss the goblin. You hit the goblin but do no damage.
The goblin blinks!
Robin hits you but does no damage. Robin closely misses you.
The goblin hits you with a +0 dagger. The hobgoblin closely misses you.
The hobgoblin hits you.
Unknown command.
You are too injured to fight recklessly!
You are too injured to fight recklessly!
Unknown command.
You hit the hobgoblin.
Space warps around the hobgoblin!
You kill the hobgoblin!
You hit the hobgoblin. You hit the goblin.
The hobgoblin blinks!
Robin completely misses you. The goblin hits you with a +0 dagger.
* * * LOW HITPOINT WARNING * * *
Your Axes skill increases to level 1!
Unknown command.
You miss the goblin. You hit the goblin.
You kill the goblin!
Robin barely misses you. The goblin closely misses you.
Unknown command.
You hit the goblin.
The goblin is severely wounded.
You barely miss the hobgoblin.
Robin hits you from afar with a +0 trident.
* * * LOW HITPOINT WARNING * * *
The goblin hits you with a +0 dagger.
* * * LOW HITPOINT WARNING * * *
The hobgoblin barely misses you.
Okay, then.
You closely miss the goblin.
The goblin is severely wounded.
You hit the hobgoblin.
You kill the hobgoblin!
Robin completely misses you. The goblin hits you with a +0 dagger.
You die...

..#..P.~~~≈≈........≈≈.##.##
..#..##P~~≈≈#......#~~~.)##
..###....~~###....###~#.##
#.# ###..P~~#......#.~.##
..# ###..~~.......~~## ###
###.~......~~## ##~~.....###
#####)### #)@# #)g# #.g..
#....# #....# #....# .####.
~# #


You could see Robin and a goblin (strong).

Vanquished Creatures
  An adder (D:2)
  A worm (D:2)
  3 dart slugs (D:1)
  2 ball pythons (D:1)
  4 bats (D:1)
  4 endoplasms (D:1)
  A giant cockroach (D:1)
  13 goblins
  3 hobgoblins
  A quokka (D:1)
  A frilled lizard (D:1)
  3 kobolds
  A rat (D:2)
38 creatures vanquished.

Vanquished Creatures (collateral kills)
  A rat (D:1)
1 creature vanquished.

Grand Total: 39 creatures vanquished

Notes
Turn   | Place    | Note
-------+----------+-------------------------------------------
     0 | D:1      | zenocrate the Vampire Necromancer began the quest for the
                  | Orb.
     0 | D:1      | Reached XP level 1. HP: 13/13 MP: 3/3
    26 | D:1      | Upgraded the game from 0.30-a0-862-g1aabd4f9c5 to
                  | 0.30-a0-867-g305f33218d
   222 | D:1      | Reached XP level 2. HP: 14/19 MP: 1/5
   960 | D:1      | Gained mutation: You are afflicted with vampirism and can
                  | become a bat while bloodless. [Vampire growth]
   960 | D:1      | Reached XP level 3. HP: 24/24 MP: 4/6
   966 | D:1      | Upgraded the game from 0.30-a0-867-g305f33218d to
                  | 0.30-a0-1066-g63dfefce0d
  1181 | D:2      | Found Peoprath's Antique Weapon Shoppe.
  1354 | D:2      | Learned a level 3 spell: Vampiric Draining
  1389 | D:2      | Identified the +4 hand axe "Huqix" {distort, Fly rC- SInv
                  | Stlth+}
  1728 | D:2      | Noticed Robin
  1736 | D:2      | Reached skill level 1 in Axes
  1738 | D:2      | Slain by a goblin

Illustrated notes

Levels and vault maps discovered:
D:1:      co_arrival_square_in_a_square_in_a_square, layout_loops_ring,
          minmay_tripent
D:2:      wad_lake_hut, layout_basic, serial_shops, shop, uniq_robin

Skill      XL: |  1  2  3 |
---------------+----------+-----
Stealth        | 4 |  4.2
Axes           | 1 |  1.0
Dodging        | |  2.1
Spellcasting   | |  2.6
Necromancy     | |  4.9

Action                     || total
---------------------------++-------
  Melee: Unarmed           ||    29
         Bite              ||     7
         Hand axe          ||    11
         Short sword       ||     9
   Cast: Necrotise         ||    48
Ability: Exsanguinate      ||     1
   Stab: Sleeping          ||     2
 Armour: Robe              ||    15
  Dodge: Dodged            ||    37

Table legend: (Time is in decaauts)
 A = Elapsed time spent in this place.
 B = Non-inter-level travel time spent in this place.
 C = Inter-level travel time spent in this place.
 D = Time resting spent in this place.
 E = Time spent auto-exploring this place.
 F = Levels seen in this place.
 G = Mean time per level.
                   A        B        C        D        E       F      G
               +--------+--------+--------+--------+--------+-----+--------+
         Total |   1740 |   1625 |    115 |     97 |   1278 |   2 |  870.0 |
       Dungeon |   1740 |   1625 |    115 |     97 |   1278 |   2 |  870.0 |
               +--------+--------+--------+--------+--------+-----+--------+

Top non-repeatable levels by time:
     D:1: 1164 daAuts
     D:2: 575 daAuts
